| TOP OF THE 1ST |
|
Ogden Raptors batting - Pitching for San Diego (APP) Padres : LHP Ryan Tatum
|
|
Pitching: LHP Ryan Tatum
|
|
|
Batting: SHB Darius Vinson
|
0-0: Fly out, F7 (Flyball, 78D, EV 87.5 MPH)
|
|
Batting: LHB Santiago Chavira
|
0-0: Called Strike 0-1: Called Strike 0-2: Strikes out swinging
|
|
Batting: RHB Junro Kato
|
0-0: Called Strike 0-1: Foul Ball, location: 2F 0-2: Ball 1-2: Fly out, F9 (Line Drive, 9, EV 89.4 MPH)
|
| Top of the 1st over - 0 runs, 0 hits, 0 errors, 0 left on base; Ogden 0 - San Diego (APP) 0 |
| BOTTOM OF THE 1ST |
|
San Diego (APP) Padres batting - Pitching for Ogden Raptors : RHP Ian Wilson
|
|
Pitching: RHP Ian Wilson
|
|
|
Batting: RHB Wally Cangro
|
0-0: Ball 1-0: Called Strike 1-1: Foul Ball, location: 2F 1-2: Ball 2-2: Ground out 1-3 (Groundball, 15, EV 68.1 MPH)
|
|
Batting: SHB Yutaro Takahashi
|
0-0: Ball 1-0: Ball 2-0: Ball 3-0: Base on Balls
|
|
Batting: RHB Antonio Lara
|
0-0: Called Strike 0-1: Ball 1-1: Ball Yutaro Takahashi steals 2nd base 2-1: Ball 3-1: Base on Balls
|
|
Batting: LHB Sammy Roddenberry
|
0-0: Fielders Choice at 2nd, 3-6 (Groundball, 3S, EV 76.9 MPH) Yutaro Takahashi to third
|
|
Batting: RHB Freddie Brown
|
0-0: Ball 1-0: Ball 2-0: Called Strike 2-1: Fly out, F4 (Line Drive, 4, EV 70.0 MPH)
|
| Bottom of the 1st over - 0 runs, 0 hits, 0 errors, 2 left on base; Ogden 0 - San Diego (APP) 0 |
| TOP OF THE 2ND |
|
Ogden Raptors batting - Pitching for San Diego (APP) Padres : LHP Ryan Tatum
|
|
Batting: LHB Mike Dickinson
|
0-0: Ball 1-0: Ground out U3 (Groundball, 3, EV 87.5 MPH)
|
|
Batting: LHB Mitchell Casey
|
0-0: Foul Ball, location: 2F 0-1: Ball 1-1: Ball 2-1: Foul Ball, location: 2F 2-2: Ball 3-2: Strikes out looking
|
|
Batting: RHB Gary Ming
|
0-0: Fly out, F5 (Popup, 25F, EV 76.3 MPH)
|
| Top of the 2nd over - 0 runs, 0 hits, 0 errors, 0 left on base; Ogden 0 - San Diego (APP) 0 |
| BOTTOM OF THE 2ND |
|
San Diego (APP) Padres batting - Pitching for Ogden Raptors : RHP Ian Wilson
|
|
Pitching: RHP Victor Delgado
|
|
|
Batting: LHB Conor Barron
|
0-0: Ball 1-0: Ball 2-0: Ball 3-0: Called Strike 3-1: Base on Balls
|
|
Batting: RHB Max Stillo
|
0-0: Ball 1-0: Called Strike 1-1: Fielders Choice at 2nd, 6-4 (Groundball, 6, EV 85.6 MPH)
|
|
Batting: RHB Brent Little
|
0-0: Ball Max Stillo steals 2nd base 1-0: SINGLE (Groundball, 6D, EV 108.8 MPH) Max Stillo to third Runner from 3rd tries for Home, throw by CF and OUT! 8-2 Brent Little to second
|
|
Batting: RHB Justin Blount
|
0-0: Called Strike 0-1: Foul Ball, location: 2F 0-2: Ball 1-2: Ball 2-2: Strikes out looking
|
| Bottom of the 2nd over - 0 runs, 1 hit, 0 errors, 1 left on base; Ogden 0 - San Diego (APP) 0 |
| TOP OF THE 3RD |
|
Ogden Raptors batting - Pitching for San Diego (APP) Padres : LHP Ryan Tatum
|
|
Batting: LHB Stephen Van Raalte
|
0-0: Foul Ball, location: 2F 0-1: Fly out, F7 (Flyball, 7S, EV 84.4 MPH)
|
|
Batting: RHB Kevin Ezell
|
0-0: Ball 1-0: Called Strike 1-1: Ball 2-1: SINGLE (Groundball, 6MD, EV 106.9 MPH)
|
|
Batting: RHB Luis Hinostroza
|
0-0: Fielders Choice at 2nd, 6-4 (Groundball, 6, EV 97.5 MPH)
|
|
Batting: SHB Darius Vinson
|
0-0: Called Strike 0-1: Ball 1-1: Called Strike 1-2: Ball 2-2: Ball 3-2: Fly out, F8 (Flyball, 89M, EV 81.3 MPH)
|
| Top of the 3rd over - 0 runs, 1 hit, 0 errors, 1 left on base; Ogden 0 - San Diego (APP) 0 |
| BOTTOM OF THE 3RD |
|
San Diego (APP) Padres batting - Pitching for Ogden Raptors : RHP Victor Delgado
|
|
Batting: RHB Wally Cangro
|
0-0: Ball 1-0: Ball 2-0: Swinging Strike 2-1: SINGLE (Line Drive, 3D, EV 102.5 MPH)
|
|
Pitching: RHP Ramon Luna
|
|
|
Batting: SHB Yutaro Takahashi
|
0-0: Called Strike Wally Cangro steals 2nd base 0-1: Ball 1-1: Ball 2-1: Swinging Strike 2-2: Ground out 4-3 (Groundball, 34, EV 90.0 MPH) Wally Cangro to third
|
|
Batting: RHB Antonio Lara
|
0-0: Ball 1-0: Foul Ball, location: 2F 1-1: Ball 2-1: Foul Ball, location: 2F 2-2: Ball 3-2: Strikes out swinging
|
|
Batting: LHB Sammy Roddenberry
|
0-0: Called Strike 0-1: Ball Passed Ball! Wally Cangro scores 1-1: Called Strike 1-2: Ball 2-2: Foul Ball, location: 2F 2-2: Foul Ball, location: 2F 2-2: Ball 3-2: DOUBLE (Line Drive, 7LM, EV 109.4 MPH)
|
|
Pitching: RHP Justin Donovan
|
|
|
Batting: RHB Freddie Brown
|
0-0: Foul Ball, location: 2F 0-1: Ball 1-1: Called Strike 1-2: Strikes out looking
|
| Bottom of the 3rd over - 1 run, 2 hits, 0 errors, 1 left on base; Ogden 0 - San Diego (APP) 1 |
| TOP OF THE 4TH |
|
Ogden Raptors batting - Pitching for San Diego (APP) Padres : LHP Ryan Tatum
|
|
Batting: LHB Santiago Chavira
|
0-0: Ground out U3 (Groundball, 3, EV 91.3 MPH)
|
|
Batting: RHB Junro Kato
|
0-0: Ball 1-0: Foul Ball, location: 2F 1-1: Ground out 5-3 (Groundball, 5S, EV 86.9 MPH)
|
|
Batting: LHB Mike Dickinson
|
0-0: Ball 1-0: Called Strike 1-1: Called Strike 1-2: Strikes out swinging
|
| Top of the 4th over - 0 runs, 0 hits, 0 errors, 0 left on base; Ogden 0 - San Diego (APP) 1 |
| BOTTOM OF THE 4TH |
|
San Diego (APP) Padres batting - Pitching for Ogden Raptors : RHP Justin Donovan
|
|
Batting: LHB Conor Barron
|
0-0: Ball 1-0: Foul Ball, location: 2F 1-1: Called Strike 1-2: Foul Ball, location: 2F 1-2: SINGLE (Groundball, 4MD, EV 97.5 MPH)
|
|
Batting: RHB Max Stillo
|
0-0: Called Strike 0-1: Swinging Strike 0-2: Ball 1-2: SINGLE (Groundball, 4MD, EV 99.4 MPH) Conor Barron to second
|
|
Batting: RHB Brent Little
|
0-0: Foul Ball, location: 2F 0-1: Ball 1-1: Ball 2-1: DOUBLE (Line Drive, 89D, EV 110.0 MPH) Conor Barron scores Max Stillo to third
|
|
Batting: RHB Justin Blount
|
0-0: Foul Ball, location: 2F 0-1: Ball 1-1: DOUBLE (Groundball, 5L, EV 110.6 MPH) Max Stillo scores Brent Little scores
|
|
Pitching: RHP Charles Durand
|
|
|
Batting: RHB Wally Cangro
|
0-0: Ball 1-0: Called Strike 1-1: Foul Ball, location: 2F 1-2: Foul Ball, location: 2F 1-2: Fly out, F8 (Flyball, 89S, EV 81.9 MPH)
|
|
Batting: SHB Yutaro Takahashi
|
0-0: Ball Passed Ball! Justin Blount to third 1-0: Swinging Strike 1-1: Ball 2-1: Ball 3-1: Base on Balls
|
|
Batting: RHB Antonio Lara
|
0-0: Called Strike Yutaro Takahashi steals 2nd base 0-1: Ball 1-1: Ball 2-1: SINGLE (Line Drive, 89S, EV 104.4 MPH) Justin Blount scores Yutaro Takahashi to third
|
|
Batting: LHB Sammy Roddenberry
|
0-0: SINGLE (Flyball, 56D, EV 93.1 MPH) Yutaro Takahashi scores Antonio Lara to second
|
|
Batting: RHB Freddie Brown
|
0-0: Ball 1-0: Foul Ball, location: 2F 1-1: SINGLE (Groundball, 6MD, EV 95.6 MPH) Antonio Lara to third Sammy Roddenberry to second Runner from 3rd tries for Home, SAFE, throw by CF to home
|
|
Pitching: RHP Cory Fischer
|
|
|
Batting: LHB Conor Barron
|
0-0: Ball Sammy Roddenberry steals 3rd base 1-0: Swinging Strike 1-1: Ball 2-1: Foul Ball, location: 2F 2-2: SINGLE (Groundball, 56D, EV 96.9 MPH) Sammy Roddenberry scores Freddie Brown to second
|
|
Batting: RHB Max Stillo
|
0-0: Called Strike 0-1: Called Strike 0-2: Strikes out swinging
|
|
Batting: RHB Brent Little
|
0-0: Ball 1-0: Swinging Strike 1-1: Called Strike 1-2: 3-RUN HOME RUN (Flyball, 78XD, EV 103.8 MPH), Distance : 420 ft
|
|
Batting: RHB Justin Blount
|
0-0: Foul Ball, location: 2F 0-1: Ball 1-1: Ball 2-1: Called Strike 2-2: Ball 3-2: Base on Balls
|
|
Pitching: RHP Matt Alderson
|
|
|
Batting: RHB Wally Cangro
|
0-0: Fly out, F4 (Popup, 3D, EV 63.8 MPH)
|
| Bottom of the 4th over - 10 runs, 9 hits, 0 errors, 1 left on base; Ogden 0 - San Diego (APP) 11 |
| TOP OF THE 5TH |
|
Ogden Raptors batting - Pitching for San Diego (APP) Padres : LHP Ryan Tatum
|
|
Batting: LHB Mitchell Casey
|
0-0: Foul Ball, location: 2F 0-1: SOLO HOME RUN (Flyball, 89XD, EV 105.6 MPH), Distance : 416 ft
|
|
Batting: RHB Gary Ming
|
0-0: Ball 1-0: Foul Ball, location: 2F 1-1: Ground out U3 (Groundball, 34, EV 86.3 MPH)
|
|
Batting: LHB Stephen Van Raalte
|
0-0: Called Strike 0-1: Ball 1-1: Foul Ball, location: 2F 1-2: Strikes out looking
|
|
Batting: RHB Kevin Ezell
|
0-0: Ball 1-0: Ball 2-0: Called Strike 2-1: Ball 3-1: Foul Ball, location: 2F 3-2: Base on Balls
|
|
Batting: RHB Luis Hinostroza
|
0-0: Called Strike 0-1: Foul Ball, location: 2F 0-2: Ball 1-2: Strikes out swinging
|
| Top of the 5th over - 1 run, 1 hit, 0 errors, 1 left on base; Ogden 1 - San Diego (APP) 11 |
| BOTTOM OF THE 5TH |
|
San Diego (APP) Padres batting - Pitching for Ogden Raptors : RHP Matt Alderson
|
|
Batting: SHB Yutaro Takahashi
|
0-0: DOUBLE (Flyball, 89D, EV 88.8 MPH)
|
|
Batting: RHB Antonio Lara
|
0-0: Ball 1-0: Ball 2-0: Called Strike 2-1: SINGLE (Flyball, 8RS, EV 93.8 MPH) Yutaro Takahashi to third
|
|
Batting: LHB Sammy Roddenberry
|
0-0: Called Strike 0-1: Foul Ball, location: 2F 0-2: Ball 1-2: Foul Ball, location: 2F 1-2: Fly out, F6 (Popup, P, EV 78.1 MPH)
|
|
Batting: RHB Freddie Brown
|
0-0: Foul Ball, location: 2F 0-1: Foul Ball, location: 2F 0-2: Ball 1-2: Fly out, F7 (Line Drive, 7, EV 87.5 MPH) Runner from 3rd tags up, SCORES, no throw by LF
|
|
Batting: LHB Conor Barron
|
0-0: Ball 1-0: Ball 2-0: Foul Ball, location: 2F 2-1: Called Strike 2-2: 2-RUN HOME RUN (Flyball, 9LD, EV 91.3 MPH), Distance : 340 ft
|
|
Batting: RHB Max Stillo
|
0-0: Ground out 5-3 (Groundball, 56S, EV 84.4 MPH)
|
| Bottom of the 5th over - 3 runs, 3 hits, 0 errors, 0 left on base; Ogden 1 - San Diego (APP) 14 |
| TOP OF THE 6TH |
|
Ogden Raptors batting - Pitching for San Diego (APP) Padres : LHP Ryan Tatum
|
|
Batting: SHB Darius Vinson
|
0-0: Ball 1-0: Foul Ball, location: 2F 1-1: Foul Ball, location: 2F 1-2: Foul Ball, location: 2F 1-2: Fly out, F3 (Popup, 3F, EV 57.5 MPH)
|
|
Batting: LHB Santiago Chavira
|
0-0: Called Strike 0-1: Called Strike 0-2: Strikes out looking
|
|
Batting: RHB Junro Kato
|
0-0: Ball 1-0: SINGLE (Groundball, 34D, EV 107.5 MPH)
|
|
Batting: LHB Mike Dickinson
|
0-0: Called Strike 0-1: Ball 1-1: Called Strike 1-2: Ball 2-2: Ball 3-2: Strikes out swinging
|
| Top of the 6th over - 0 runs, 1 hit, 0 errors, 1 left on base; Ogden 1 - San Diego (APP) 14 |
| BOTTOM OF THE 6TH |
|
San Diego (APP) Padres batting - Pitching for Ogden Raptors : RHP Matt Alderson
|
|
Batting: RHB Brent Little
|
0-0: Called Strike 0-1: Ball 1-1: Ball 2-1: Ball 3-1: Base on Balls
|
|
Batting: RHB Justin Blount
|
0-0: Ball 1-0: Ball 2-0: Called Strike 2-1: Ball Wild Pitch! Brent Little to second 3-1: Base on Balls
|
|
Batting: RHB Wally Cangro
|
0-0: Swinging Strike 0-1: Ball 1-1: Foul Ball, location: 2F 1-2: Fly out, F9 (Line Drive, 9, EV 90.6 MPH)
|
|
Batting: SHB Yutaro Takahashi
|
0-0: Foul Ball, location: 2F 0-1: Swinging Strike 0-2: Ball 1-2: Ball 2-2: Foul Ball, location: 2F 2-2: Fielders Choice at 2nd, 4-6 (Groundball, 4, EV 98.1 MPH) Brent Little to third
|
|
Batting: RHB Antonio Lara
|
0-0: Hit by Pitch Yutaro Takahashi to second
|
|
Batting: LHB Sammy Roddenberry
|
0-0: Called Strike 0-1: Ball 1-1: Fly out, F5 (Popup, 56, EV 73.1 MPH)
|
| Bottom of the 6th over - 0 runs, 0 hits, 0 errors, 3 left on base; Ogden 1 - San Diego (APP) 14 |
| TOP OF THE 7TH |
|
Ogden Raptors batting - Pitching for San Diego (APP) Padres : LHP Ryan Tatum
|
|
Batting: LHB Mitchell Casey
|
0-0: Ball 1-0: SINGLE (Groundball, 5D, EV 95.6 MPH)
|
|
Batting: RHB Gary Ming
|
0-0: Called Strike 0-1: Foul Ball, location: 2F 0-2: SINGLE (Groundball, 34, EV 83.8 MPH) (infield hit) Mitchell Casey to second
|
|
Batting: LHB Stephen Van Raalte
|
0-0: Ball 1-0: Swinging Strike 1-1: Foul Ball, location: 2F 1-2: Ball 2-2: Strikes out swinging
|
|
Batting: RHB Kevin Ezell
|
0-0: Called Strike 0-1: 3-RUN HOME RUN (Flyball, 78XD, EV 110.0 MPH), Distance : 427 ft
|
|
Batting: RHB Luis Hinostroza
|
0-0: Ball 1-0: Ground out 1-3 (Groundball, 13S, EV 64.4 MPH)
|
|
Batting: SHB Darius Vinson
|
0-0: Ball 1-0: Swinging Strike 1-1: Foul Ball, location: 2F 1-2: Ball 2-2: Foul Ball, location: 2F 2-2: Foul Ball, location: 2F 2-2: Ball 3-2: Foul Ball, location: 2F 3-2: SINGLE (Line Drive, 9S, EV 93.1 MPH)
|
|
Batting: LHB Santiago Chavira
|
0-0: Called Strike 0-1: Called Strike 0-2: Ball 1-2: Strikes out swinging
|
| Top of the 7th over - 3 runs, 4 hits, 0 errors, 1 left on base; Ogden 4 - San Diego (APP) 14 |
| BOTTOM OF THE 7TH |
|
San Diego (APP) Padres batting - Pitching for Ogden Raptors : RHP Matt Alderson
|
|
Batting: RHB Freddie Brown
|
0-0: SINGLE (Line Drive, 3D, EV 103.1 MPH)
|
|
Pinch Hitting: LHB Ramon Padilla
|
0-0: Called Strike 0-1: Swinging Strike 0-2: Foul Ball, location: 2F 0-2: Ball 1-2: Ball 2-2: Foul Ball, location: 2F 2-2: Ball 3-2: Foul Ball, location: 2F 3-2: Base on Balls Freddie Brown to second
|
|
Pitching: RHP Nick Vigh
|
|
|
Batting: RHB Max Stillo
|
0-0: Ball 1-0: Ball 2-0: Ball 3-0: Base on Balls Freddie Brown to third Ramon Padilla to second
|
|
Batting: RHB Brent Little
|
0-0: Ball 1-0: Ball 2-0: Ball 3-0: Called Strike 3-1: Called Strike 3-2: Foul Ball, location: 2F 3-2: Base on Balls Freddie Brown scores Ramon Padilla to third Max Stillo to second
|
|
Batting: RHB Justin Blount
|
0-0: Ball 1-0: Called Strike 1-1: Ball 2-1: SINGLE (Line Drive, 3D, EV 95.6 MPH) Ramon Padilla scores Max Stillo to third Brent Little to second
|
|
Batting: RHB Wally Cangro
|
0-0: Ball 1-0: Swinging Strike 1-1: Ball 2-1: Called Strike 2-2: Fly out, F8 (Flyball, 8RD, EV 76.9 MPH) Runner from 3rd tags up, OUT at HOME! 8-2 Brent Little to third Justin Blount to second
|
|
Pitching: RHP Charles Blatchford
|
|
|
Batting: SHB Yutaro Takahashi
|
0-0: Ground out U3 (Groundball, 34, EV 90.6 MPH)
|
| Bottom of the 7th over - 2 runs, 2 hits, 0 errors, 2 left on base; Ogden 4 - San Diego (APP) 16 |
| TOP OF THE 8TH |
|
Ogden Raptors batting - Pitching for San Diego (APP) Padres : LHP Ryan Tatum
|
|
Now at 1B: Hugo MacBeth
|
|
|
Batting: RHB Junro Kato
|
0-0: Ball 1-0: Ball 2-0: Ground out 5-3 (Groundball, 5S, EV 89.4 MPH)
|
|
Batting: LHB Tore Bosch
|
0-0: Ball 1-0: Ball 2-0: Ground out 1-3 (Groundball, 34S, EV 71.9 MPH)
|
|
Batting: LHB Mitchell Casey
|
0-0: Called Strike 0-1: Called Strike 0-2: Strikes out swinging
|
| Top of the 8th over - 0 runs, 0 hits, 0 errors, 0 left on base; Ogden 4 - San Diego (APP) 16 |
| BOTTOM OF THE 8TH |
|
San Diego (APP) Padres batting - Pitching for Ogden Raptors : RHP Charles Blatchford
|
|
Batting: RHB Antonio Lara
|
0-0: Fly out, F8 (Flyball, 89S, EV 76.3 MPH)
|
|
Batting: LHB Sammy Roddenberry
|
0-0: Ball 1-0: Ball 2-0: Called Strike 2-1: Ball 3-1: Base on Balls
|
|
Batting: RHB Freddie Brown
|
0-0: Ball 1-0: Ball 2-0: Ball Wild Pitch! Sammy Roddenberry to second 3-0: Called Strike 3-1: Foul Ball, location: 2F 3-2: Ground out 5-3 (Groundball, 5L, EV 85.0 MPH)
|
|
Pinch Hitting: RHB Aaron Joseph
|
0-0: Swinging Strike 0-1: Ball 1-1: Swinging Strike 1-2: Ball 2-2: Ground out 4-3 (Groundball, 34, EV 86.9 MPH)
|
| Bottom of the 8th over - 0 runs, 0 hits, 0 errors, 1 left on base; Ogden 4 - San Diego (APP) 16 |
| TOP OF THE 9TH |
|
Ogden Raptors batting - Pitching for San Diego (APP) Padres : LHP Ryan Tatum
|
|
Pitching: RHP Nick Goodlow
|
|
|
Now at 1B: Aaron Joseph
|
|
|
Batting: RHB Gary Ming
|
0-0: Ground out 6-3 (Groundball, 6, EV 83.1 MPH)
|
|
Batting: LHB Stephen Van Raalte
|
0-0: Ball 1-0: Called Strike 1-1: Swinging Strike 1-2: Foul Ball, location: 2F 1-2: Ball 2-2: Ball 3-2: Strikes out swinging
|
|
Pinch Hitting: RHB Bob Magana
|
0-0: Ball 1-0: Foul Ball, location: 2F 1-1: Called Strike 1-2: Ball 2-2: Foul Ball, location: 2F 2-2: Strikes out swinging
|
| Top of the 9th over - 0 runs, 0 hits, 0 errors, 0 left on base; Ogden 4 - San Diego (APP) 16 |
|